 Dungeon Crawl Stone Soup version 0.30-a0-1160-g6e42c06551 (webtiles) character file.

Game seed: 11454845573733432950

1586 Kenran the Slicer (level 8, -4/42 HPs)
             Began as a Vine Stalker Monk on Apr 27, 2023.
             Was an Elder of Okawaru.
             Succumbed to a gnoll's poison
             ... on level 6 of the Dungeon.
             The game lasted 00:09:58 (5688 turns).

Kenran the Slicer (Vine Stalker Monk)               Turns: 5688, Time: 00:09:59

Health: -4/42      AC: 12    Str: 19    XL:     8   Next: 92%
Magic:  3/9        EV:  8    Int: 18    God:    Okawaru [****..]
Gold:   116        SH:  0    Dex: 12    Spells: 7/7 levels left

rFire   + . .        w - +7 whip "Cagan" {heavy, rC+ Str+3 Int+8 Dex-5}
rCold   + . .        d - orb {light}
rNeg    . . .        j - +0 chain mail
rPois   .            x - +0 helmet
rElec   .            t - +1 cloak {Stlth+}
rCorr   +            u - +0 pair of gloves
SInv    .            (no boots)
Will    +....        (no amulet) Stlth
                     k - ring of resist corrosion
HPRegen 1.07/turn    o - ring of protection from fire
MPRegen 0.11/turn

%: guardian spirit
@: lethally poisoned (-4 -> -22), glowing
A: fangs 3, regeneration 1, magic shield, antimagic bite, no potion heal 2
a: Renounce Religion, Heroism, Finesse


You were on level 6 of the Dungeon.
You worshipped Okawaru.
Okawaru was greatly pleased with you.
You visited 2 branches of the dungeon, and saw 8 of its levels.

You collected 303 gold pieces.
You spent 187 gold pieces at shops.

Inventory:

Hand Weapons
 a - a +0 short sword
 w - the +7 whip "Cagan" (weapon) {heavy, rC+ Str+3 Int+8 Dex-5}
   (You found it on level 5 of the Dungeon)

   Str:       It affects your strength (+3).
   Int:       It affects your intelligence (+8).
   Dex:       It affects your dexterity (-5).
   rC:        It protects you from cold.
Missiles
 B - a throwing net (quivered)
Armour
 d - an orb of light (worn)
 j - a +0 chain mail (worn)
 t - a +1 cloak of stealth (worn)
 u - a +0 pair of gloves (worn)
 x - a +0 helmet (worn)
Jewellery
 k - a ring of resist corrosion (left hand)
 o - a ring of protection from fire (right hand)
 z - an amulet of reflection
 C - a ring of protection from cold
Wands
 A - a wand of polymorph (10)
 D - a wand of flame (20)
Scrolls
 b - a scroll of brand weapon
 g - 2 scrolls of immolation {!r}
 i - a scroll of enchant armour
 l - 4 scrolls of amnesia
 p - 2 scrolls of teleportation
 q - a scroll of torment {!r}
 r - 2 scrolls of fog
 v - a scroll of blinking
 y - 3 scrolls of identify {@r1}
Potions
 c - 2 potions of ambrosia
 e - 4 potions of brilliance
 f - 2 potions of mutation {!q}
 h - 5 potions of curing {@q1}
 m - 2 potions of attraction {!q}
 n - 2 potions of flight
 s - a potion of invisibility


   Skills:
 - Level 4.0 Fighting
 - Level 10.0 Short Blades
 + Level 0.2 Armour
 - Level 2.4 Dodging


You had 7 spell levels left.
You didn't know any spells.
Your spell library contained the following spells:

 Spells                   Type           Power      Damage    Failure   Level
 Kiss of Death            Conj/Necr      0%         2d5       91%         1
 Necrotise                Necr           0%         1d4       91%         1
 Blink                    Tloc           0%         N/A       97%         2
 Lesser Beckoning         Tloc           0%         N/A       97%         2
 Momentum Strike          Conj/Tloc      0%         3d8       97%         2
 Confusing Touch          Hex            0%         N/A       100%        3
 Gell's Gravitas          Tloc           0%         N/A       100%        3
 Portal Projectile        Hex/Tloc       0%         N/A       100%        3
 Teleport Other           Tloc           0%         N/A       100%        3
 Vampiric Draining        Necr           0%         2d6       100%        3
 Dispel Undead            Necr           0%         3d6       100%        4
 Agony                    Necr           0%         N/A       100%        5
 Blade Hands              Tmut           0%         N/A       100%        5
 Tukima's Dance           Hex            Unusable   N/A       N/A         3

Dungeon Overview and Level Annotations

Branches:
Dungeon (7/15)             Temple (1/1) D:4

Altars:
Cheibriados
Elyvilon
Fedhas
Gozag
Makhleb
Nemelex Xobeh
Okawaru
Ru
Trog
Uskayaw
Wu Jian
Yredelemnul
Zin
The Shining One

Shops:
D:4 [(?[


Innate Abilities, Weirdness & Mutations

You have razor-sharp teeth.
Your natural rate of healing is unusually fast.
When hurt, damage is shared between your health and your magic reserves.
Your bite disrupts and absorbs the magic of your enemies.
Potions cannot restore your health.


Message History

There is a stone staircase leading up, spattered with blood here.
You hit the wight but do no damage. You bite the wight! You drain its power.
You feel invigorated.
The wight is severely damaged.
The gnoll hits you with a +0 flail! The gnoll hits you but does no damage.
The gnoll hits you from afar with a +0 spear of venom.
You are poisoned.
The wight hits you with a +4 mace.
You feel drained. The gnoll barely misses you. x2
You thrash the wight!!
You destroy the wight!
Okawaru accepts your kill.
You feel very sick. The gnoll hits you but does no damage.
You are more poisoned.
The wight throws a stone.
The stone barely misses you. The gnoll hits you with a +0 flail.
The gnoll hits you but does no damage. x2
The wight throws a stone.
The stone completely misses you.
Your life force feels restored.
Training target 4.0 for Fighting reached!
Your Fighting skill increases to level 4!
You need to enable at least one skill for training.
Unknown command.
You hit the gnoll.
The gnoll is moderately wounded.
You feel very sick. The gnoll completely misses you.
The gnoll barely misses you.
The gnoll hits you from afar with a +0 spear of venom.
You are more poisoned.
The gnoll hits you with a +0 flail. The gnoll closely misses you.
The gnoll hits you from afar with a +0 spear of venom.
* * * LOW HITPOINT WARNING * * *
You are more poisoned.
* * * LOW HITPOINT WARNING * * *
You feel very sick. The wight barely misses you.
The gnoll closely misses you. x2
The gnoll hits you but does no damage.
You are more poisoned.
You climb upwards.
You die...

# #...........#...#.####### #
#####.#####.##........... #.#
#.##.##.######. ###### #.###
#.##.##.# #. .....# #...#
#.##+##.# #. ####.# ###.#
#.......# #. #.# ####.# ##.....##
#. ## #.# ##.##g######....######.
.###.######....)f#.#_#.....##....
...............#gz.~~~.....'.....
.###.#####.......#~≈~≈~....##.#..
.....# #.#.#####~≈.≈~...###.##.
.....#####.#### #~≈≈≈~..## #.###
..†#.#....>...# #.~~~..## #....
##.#.#.###.##(# ##...+## #####
#.#.#.# #.##.# ##...# # ##.#.#.#
#.##.########.######## #


You could see a wight and 2 gnolls.

Vanquished Creatures
  A cyclops (D:6)
  Grinder (D:3)
  A sky beast (D:6)
  2 black bears (D:5)
  A kobold brigand (D:6)
  2 scorpions
  2 wights
  A howler monkey (D:6)
  2 gnoll boudas (D:6)
  2 hounds (D:6)
  2 jellies
  3 iguanas
  A gnoll (D:6)
  5 adders
  A shadow imp (D:4)
  A white imp (D:6)
  3 worms
  4 dart slugs
  12 orcs
  9 endoplasms
  2 giant cockroaches
  9 goblins
  8 hobgoblins
  8 kobolds
  3 quokkas
  8 ball pythons
  3 bats (D:1)
  3 frilled lizards
  3 rats (D:1)
103 creatures vanquished.

Vanquished Creatures (others)
  6 plants (D:7)
6 creatures vanquished.

Grand Total: 109 creatures vanquished

Notes
Turn   | Place    | Note
-------+----------+-------------------------------------------
     0 | D:1      | Kenran the Vine Stalker Monk began the quest for the Orb.
     0 | D:1      | Reached XP level 1. HP: 11/11 MP: 2/2
   150 | D:1      | Reached skill level 3 in Short Blades
   159 | D:1      | Reached XP level 2. HP: 13/16 MP: 3/3
   878 | D:2      | Reached XP level 3. HP: 19/19 MP: 4/4
   919 | D:2      | Reached skill level 4 in Short Blades
   919 | D:2      | Found a faded altar of an unknown god.
  1455 | D:3      | Gained mutation: Your natural rate of healing is unusually
                  | fast. [Vine Stalker growth]
  1455 | D:3      | Reached XP level 4. HP: 16/23 MP: 5/5
  1545 | D:3      | Noticed Grinder
  1579 | D:4      | Noticed a scorpion
  1603 | D:4      | Killed a scorpion
  1604 | D:4      | Reached skill level 5 in Short Blades
  1604 | D:4      | Reached XP level 5. HP: 22/27 MP: 6/6
  1630 | D:4      | Found a staircase to the Ecumenical Temple.
  1694 | Temple   | Entered the Ecumenical Temple
  1856 | Temple   | Became a worshipper of Warmaster Okawaru
  1856 | Temple   | Reached * piety under Okawaru
  1856 | Temple   | Reached ** piety under Okawaru
  1980 | D:4      | Found Vyiddeps's Antique Weapon Emporium.
  1980 | D:4      | Found Yniph's Antique Armour Emporium.
  1990 | D:4      | Found Kinlef's Armour Emporium.
  1998 | D:4      | Found Weteuv's Magic Scroll Emporium.
  2003 | D:4      | Bought a scroll of teleportation for 30 gold pieces
  2276 | D:4      | Reached skill level 6 in Short Blades
  2276 | D:4      | Reached XP level 6. HP: 16/32 MP: 3/7
  2435 | D:4      | Bought an embroidered cloak for 157 gold pieces
  2601 | D:3      | Found a hide-covered altar of Uskayaw.
  2601 | D:3      | Found a bloodstained altar of Trog.
  2913 | D:5      | Entered Level 5 of the Dungeon
  3031 | D:5      | Identified the +7 whip "Cagan" {heavy, rC+ Str+3 Int+8
                  | Dex-5}
  3098 | D:5      | Found a sparkling altar of Nemelex Xobeh.
  3658 | D:5      | Noticed a black bear
  3670 | D:5      | Killed a black bear
  3780 | D:5      | Noticed a black bear
  3786 | D:5      | Killed a black bear
  3787 | D:5      | Reached skill level 7 in Short Blades
  3787 | D:5      | Reached XP level 7. HP: 30/35 MP: 6/8
  3822 | D:6      | Found a snail-covered altar of Cheibriados.
  4039 | D:6      | Found a white marble altar of Elyvilon.
  4054 | D:6      | Noticed a cyclops
  4063 | D:6      | Killed a cyclops
  4063 | D:6      | Reached *** piety under Okawaru
  4064 | D:6      | Reached skill level 8 in Short Blades
  4064 | D:6      | Gained mutation: You have razor-sharp teeth. [Vine Stalker
                  | growth]
  4064 | D:6      | Reached XP level 8. HP: 17/39 MP: 9/9
  4375 | D:6      | Found a glowing silver altar of Zin.
  4392 | D:6      | Reached skill level 9 in Short Blades
  4946 | D:3      | Killed Grinder
  5179 | D:3      | Found a hide-covered altar of Uskayaw.
  5180 | D:3      | Found a bloodstained altar of Trog.
  5541 | D:7      | Reached skill level 10 in Short Blades
  5623 | D:6      | Reached **** piety under Okawaru
  5688 | D:6      | Succumbed to a gnoll's poison

Illustrated notes

Levels and vault maps discovered:
D:1:      roderic_dead_forest, layout_loops_ring, minmay_misc_feat_alley
D:2:      layout_rooms, chequers_ecumenical_altar_island
D:3:      layout_loops_ring, gammafunk_temple_overflow_wave, uniq_grinder
D:4:      layout_basic, minmay_temple_entry_trees, solitary_fountain,
          minmay_shop_grid_forest
D:5:      layout_basic, nemelex_xobeh_ov_fountains_minmay, serial_corexii_hall,
          corexii_hall_statues_x, chequers_hall_statues_wall_a
D:6:      layout_loops_corners, kennysheep_slug_shrine,
          mainiacjoe_overflow_24_doors, elyvilon_altar_4
D:7:      layout_gridville, riverfiend_overflow_shadow_ancestor,
          nicolae_shop_i_like_small_books_too, nicolae_grassy_gnolls,
          uniq_menkaure, uniq_maggie
Temple:   hellmonk_temple_flake

Skill      XL: |  1  2  3  4  5  6  7  8 |
---------------+-------------------------+-----
Short Blades   | 3 4 5 6 7 8 10 | 10.0
Fighting       | 4 |  4.0
Armour         | |  0.2
Dodging        | |  2.4

Action                     |  1- 3 |  4- 6 |  7- 9 || total
---------------------------+-------+-------+-------++-------
  Melee: Short sword       |   105 |   155 |       ||   260
         Bite              |    33 |    68 |    23 ||   124
         Whip              |       |     7 |    80 ||    87
    Use: Scroll            |     4 |     8 |     1 ||    13
         Potion            |       |       |     3 ||     3
 Armour: Robe              |     8 |       |       ||     8
         Chain mail        |    25 |    59 |    69 ||   153
  Dodge: Dodged            |    35 |    52 |    61 ||   148

Table legend: (Time is in decaauts)
 A = Elapsed time spent in this place.
 B = Non-inter-level travel time spent in this place.
 C = Inter-level travel time spent in this place.
 D = Time resting spent in this place.
 E = Time spent auto-exploring this place.
 F = Levels seen in this place.
 G = Mean time per level.
                   A        B        C        D        E       F      G
               +--------+--------+--------+--------+--------+-----+--------+
         Total |   5693 |   5219 |    474 |    116 |   3993 |   8 |  711.6 |
       Dungeon |   5520 |   5075 |    445 |    116 |   3859 |   7 |  788.6 |
        Temple |    173 |    144 |     29 |      0 |    134 |   1 |  173.0 |
               +--------+--------+--------+--------+--------+-----+--------+

Top non-repeatable levels by time:
     D:3: 1248 daAuts
     D:6: 1125 daAuts
     D:5: 988 daAuts
     D:1: 841 daAuts
     D:4: 787 daAuts
     D:2: 505 daAuts
  Temple: 173 daAuts
     D:7: 23 daAuts
